 Dungeon Crawl Stone Soup version 0.30.1 (webtiles) character file.

Game seed: 4914646301024848553

11482 Wiggles the Severer (level 11, 0/127 HPs)
             Began as a Minotaur Berserker on July 12, 2023.
             Was an Elder of Trog.
             Slain by Urug
             ... wielding a +6 broad axe
              (18 damage)
             ... on level 11 of the Dungeon.
             The game lasted 00:17:39 (9045 turns).

Wiggles the Severer (Minotaur Berserker)            Turns: 9045, Time: 00:17:40

Health: 0/127      AC: 17    Str: 25    XL:     11   Next: 49%
Magic:  10/10      EV: 12    Int:  4    God:    Trog [****..]
Gold:   420        SH:  0    Dex: 11    Spells: 10/10 levels left

rFire   . . .        n - +4 battleaxe (freeze)
rCold   . . .        (shield currently unavailable)
rNeg    . . .        C - +0 plate armour
rPois   .            F - +2 hat
rElec   .            B - +0 cloak
rCorr   .            a - +0 pair of gloves
SInv    .            D - +1 pair of boots
Will    +....        h - amulet of the acrobat Stlth
                     v - ring of willpower
HPRegen 0.41/turn    m - +5 ring of evasion
MPRegen 0.12/turn

%: acrobat
@: berserking (expiring), slowed
A: horns 2, retaliatory headbutt
a: Renounce Religion, Berserk, Trog's Hand, Brothers in Arms


You were on level 11 of the Dungeon.
You worshipped Trog.
Trog was greatly pleased with you.
You visited 1 branch of the dungeon, and saw 11 of its levels.

You collected 420 gold pieces.

Inventory:

Hand Weapons
 n - a +4 battleaxe of freezing (weapon)
Missiles
 p - 2 throwing nets (quivered)
Armour
 a - a +0 pair of gloves (worn)
 B - a +0 cloak (worn)
 C - a +0 plate armour (worn)
 D - a +1 pair of boots (worn)
 F - a +2 hat (worn)
Jewellery
 b - an amulet of faith
 c - a ring of protection from fire
 h - an amulet of the acrobat (around neck)
 l - a +6 ring of intelligence
 m - a +5 ring of evasion (right hand)
 v - a ring of willpower (left hand)
 y - a ring of protection from cold
Wands
 f - a wand of mindburst (9)
 A - a wand of iceblast (4)
Scrolls
 d - 3 scrolls of magic mapping
 e - 5 scrolls of teleportation
 k - a scroll of fear
 z - a scroll of enchant armour
Potions
 g - 3 potions of haste
 i - 5 potions of brilliance
 j - a potion of flight
 q - 4 potions of resistance
 r - a potion of might
 s - 7 potions of heal wounds
 t - a potion of cancellation
 u - 2 potions of lignification
 w - 6 potions of curing
 x - a potion of invisibility {unknown}


   Skills:
 - Level 4.9 Fighting
 + Level 20.7 Axes
 - Level 2.9 Armour
 - Level 2.4 Dodging
 + Level 1.7 Evocations


You had 10 spell levels left.
You didn't know any spells.
Your spell library was empty.

Dungeon Overview and Level Annotations

Branches:
Dungeon (11/15)            Temple (0/1) D:6            Lair (0/5) D:10
    Orc (0/2) D:9

Altars:
Cheibriados
Dithmenos
Gozag
Kikubaaqudgha
Makhleb
Nemelex Xobeh
Okawaru
Qazlal
Ru
Sif Muna
Uskayaw
Wu Jian
Xom
Yredelemnul
Zin
The Shining One

Shops:
D:1 ?(**[   D:10 :

Annotations:
D:7 3 runed translucent doors, Pepete's ghost, novice DjFE
D:11 Urug


Innate Abilities, Weirdness & Mutations

You have a pair of horns on your head.
You reflexively headbutt those who attack you in melee.


Message History

Urug hits you with a +6 broad axe.
A red film seems to cover your vision as you go berserk!
You feel yourself moving faster!
You feel mighty! The wraith misses you.
Urug zaps a wand.
Your will is overpowered!
You are confused.
The wraith hits you but does no damage.
You barely miss Urug. Your headbutt misses Urug. You barely miss the wraith. x2
You slice the wraith!! The wraith hits you! The wraith drains your vigour!
You feel yourself slow down.
The wraith hits you but does no damage. x2
Urug hits you with a +6 broad axe!
* * * LOW HITPOINT WARNING * * *
You carve the wraith like a ham!!! You freeze the wraith.
You destroy the wraith!
Trog accepts your kill.
You hit the wraith but do no damage. You slash Urug! You freeze Urug.
You slice the wraith!! You freeze the wraith.
You destroy the wraith!
Trog accepts your kill. The wraith barely misses you.
Urug zaps a wand.
You resist with almost no effort.
You miss Urug.
Urug is moderately wounded.
You slice the wraith!! You freeze the wraith. You miss Urug.
Your headbutt misses Urug.
Urug is moderately wounded.
You slash the wraith! You freeze the wraith.
You destroy the wraith!
Trog accepts your kill.
Urug zaps a wand.
You resist with almost no effort.
You're too confused to move!
Urug zaps a wand.
You resist with almost no effort.
You feel a strong urge to attack something.
Urug completely misses you.
You feel less confused. Urug hits you with a +6 broad axe!!
* * * LOW HITPOINT WARNING * * *
You slash Urug! You freeze Urug.
Urug is heavily wounded.
Urug hits you with a +6 broad axe!!
You die...

#.)# #... .###..#
#..#..... .......
#..#... .......
#..'. .##.##. #..#
#. #)## #.
#..####### #.
#..?.....# #.
#.@o.....##....###†
#..............#...
#...#######....#...
#...##...##....#...
#........##....##..
#...>....##....##..
#..............#...
#..............'...
#..###..###.##.###.


You could see Urug.

Vanquished Creatures
  Josephine (D:11)
  Erica (D:8)
  3 two-headed ogres
  2 ugly things (D:11)
  2 trolls
  Prince Ribbit (D:5)
  A slime creature (D:6)
  4 wraiths (D:11)
  10 yaks
  A basilisk (D:11)
  A wyvern (D:10)
  2 steam dragons
  2 wargs
  An acid dragon (D:11)
  An ice beast (D:8)
  A sky beast (D:8)
  6 orc warriors
  3 black bears
  An ogre (D:5)
  2 centaurs
  7 kobold brigands
  4 bullfrogs
  A gnoll sergeant (D:7)
  3 scorpions
  4 wights (D:8)
  11 killer bees (D:9)
  6 howler monkeys
  A hound (D:4)
  An iron imp (D:9)
  5 jellies (D:6)
  7 orc priests
  Ijyb (D:5)
  5 orc wizards
  8 adders
  11 gnolls
  A shadow imp (D:7)
  A white imp (D:7)
  2 worms
  A dart slug (D:3)
  48 orcs
  7 ball pythons
  9 endoplasms
  A giant cockroach (D:2)
  10 goblins
  7 hobgoblins
  3 jackals (D:1)
  27 kobolds
  3 quokkas
  7 bats
  2 frilled lizards
  7 rats
  A spectral hobgoblin (D:2)
258 creatures vanquished.

Notes
Turn   | Place    | Note
-------+----------+-------------------------------------------
     0 | D:1      | Wiggles the Minotaur Berserker began the quest for the Orb.
     0 | D:1      | Reached XP level 1. HP: 19/19 MP: 0/0
   142 | D:1      | Found Tunuulu's Weapon Boutique.
   145 | D:1      | Found Simuir's Assorted Antiques.
   147 | D:1      | Reached XP level 2. HP: 24/27 MP: 1/1
   205 | D:1      | Reached skill level 4 in Axes
   316 | D:1      | Found Rypnegg's Magic Scroll Emporium.
   695 | D:2      | Reached XP level 3. HP: 33/33 MP: 2/2
   888 | D:2      | Reached ** piety under Trog
  1008 | D:2      | Found a faded altar of an unknown god.
  1504 | D:3      | Found a basalt altar of Yredelemnul.
  1504 | D:3      | Found a shadowy altar of Dithmenos.
  1505 | D:3      | Found a shimmering blue altar of Sif Muna.
  1611 | D:3      | Reached XP level 4. HP: 20/41 MP: 3/3
  1721 | D:3      | Found a burning altar of Makhleb.
  1725 | D:3      | Noticed a blizzard demon
  1728 | D:3      | Found a glowing silver altar of Zin.
  1728 | D:3      | Noticed an angel
  1942 | D:3      | Reached skill level 5 in Axes
  2413 | D:3      | Reached *** piety under Trog
  2746 | D:4      | Noticed a scorpion
  2752 | D:4      | Killed a scorpion
  2753 | D:4      | Reached skill level 6 in Axes
  2753 | D:4      | Reached XP level 5. HP: 47/47 MP: 4/4
  3208 | D:5      | Entered Level 5 of the Dungeon
  3211 | D:5      | Noticed a black bear
  3211 | D:5      | Noticed a centaur
  3249 | D:5      | Killed a black bear
  3250 | D:5      | Reached skill level 7 in Axes
  3250 | D:5      | Reached XP level 6. HP: 48/55 MP: 5/5
  3251 | D:5      | Reached skill level 8 in Axes
  3351 | D:5      | Noticed Prince Ribbit
  3366 | D:5      | Killed Prince Ribbit
  3367 | D:5      | Reached skill level 9 in Axes
  3367 | D:5      | Reached XP level 7. HP: 44/60 MP: 6/6
  3505 | D:5      | Noticed Ijyb
  3522 | D:5      | Killed Ijyb
  3524 | D:5      | Reached skill level 10 in Axes
  3741 | D:5      | Found a shimmering altar of Xom.
  3859 | D:5      | Identified a scroll of acquirement
  3859 | D:5      | Acquired a +2 broad axe of freezing
  3912 | D:6      | Reached XP level 8. HP: 61/67 MP: 7/7
  3977 | D:6      | Reached skill level 11 in Axes
  4132 | D:6      | Noticed a slime creature
  4137 | D:6      | Reached skill level 12 in Axes
  4138 | D:6      | Reached **** piety under Trog
  4145 | D:6      | Killed a slime creature
  4439 | D:6      | Reached skill level 13 in Axes
  4450 | D:6      | Found a staircase to the Ecumenical Temple.
  4535 | D:6      | Found a glowing golden altar of the Shining One.
  4661 | D:6      | Found an iron altar of Okawaru.
  4864 | D:6      | Reached XP level 9. HP: 64/73 MP: 8/8
  5054 | D:7      | Reached skill level 14 in Axes
  5433 | D:7      | Found a runed translucent gate.
  5433 | D:7      | Found a runed translucent gate.
  5434 | D:7      | Found a runed translucent gate.
  5436 | D:7      | Found an opulent altar of Gozag.
  5437 | D:7      | Noticed Pepete's ghost (novice DjFE)
  5437 | D:7      | Noticed a two-headed ogre
  5605 | D:8      | Noticed Erica
  5609 | D:8      | Killed Erica
  5610 | D:8      | Reached skill level 15 in Axes
  5835 | D:8      | Found a sacrificial altar of Ru.
  5909 | D:8      | Found a stormy altar of Qazlal.
  5935 | D:8      | Reached skill level 1 in Evocations
  5937 | D:8      | Reached skill level 16 in Axes
  6359 | D:9      | Reached ***** piety under Trog
  6359 | D:9      | Noticed a two-headed ogre
  6371 | D:9      | Killed a two-headed ogre
  6372 | D:9      | Reached XP level 10. HP: 70/80 MP: 9/9
  6497 | D:9      | Found an ancient bone altar of Kikubaaqudgha.
  6643 | D:9      | Reached skill level 17 in Axes
  6656 | D:9      | Received a gift from Trog
  6852 | D:9      | Found a staircase to the Orcish Mines.
  7102 | D:9      | Found a snail-covered altar of Cheibriados.
  7431 | D:9      | Noticed a two-headed ogre
  7434 | D:9      | Killed a two-headed ogre
  7435 | D:9      | Reached skill level 18 in Axes
  7458 | D:9      | Found an ornate altar of the Wu Jian Council.
  7706 | D:10     | Entered Level 10 of the Dungeon
  7706 | D:10     | Noticed a two-headed ogre
  7713 | D:10     | Killed a two-headed ogre
  7988 | D:10     | Reached skill level 19 in Axes
  8118 | D:10     | Reached XP level 11. HP: 85/85 MP: 10/10
  8216 | D:10     | Found Wushreti's Book Boutique.
  8254 | D:10     | Found a staircase to the Lair.
  8286 | D:10     | Found a hide-covered altar of Uskayaw.
  8413 | D:10     | Found a sparkling altar of Nemelex Xobeh.
  8660 | D:11     | Noticed a brown ugly thing
  8666 | D:11     | Killed a brown ugly thing
  8883 | D:11     | Noticed a red ugly thing
  8892 | D:11     | Killed a red ugly thing
  8893 | D:11     | Reached skill level 20 in Axes
  9022 | D:11     | Noticed Josephine
  9029 | D:11     | Noticed Urug
  9032 | D:11     | Killed Josephine
  9045 | D:11     | Slain by Urug

Illustrated notes

Levels and vault maps discovered:
D:1:      dpeg_arrival_orchard, layout_rooms, serial_shops,
          nicolae_shop_tiny_waterfront, shop, shop, shop, shop
D:2:      layout_loops_ring, dreamdust_ecumenical_altar_drowned_temple,
          serial_rivers, chequers_serial_rivers_room_a,
          chequers_serial_rivers_room_a, chequers_serial_rivers_micro_e,
          chequers_serial_rivers_micro_a, chequers_serial_rivers_micro_d,
          chequers_serial_rivers_marsh
D:3:      corexii_shack_village, layout_loops_corners,
          grunt_temple_overflow_order_and_chaos_2,
          gammafunk_temple_overflow_claw
D:4:      layout_loops_ring, glass_columns_a
D:5:      layout_rooms, kennysheep_mini_moat, serial_glass, glass_columns_a,
          glass_columns_b, item_on_display_a, due_unseen_surprise,
          feat_on_display, minmay_strange_pillars, uniq_ijyb,
          uniq_prince_ribbit1
D:6:      cheibrodos_fertilizer, layout_basic, old_standard_altar,
          general_overflow_altar, minmay_temple_entry_wispy,
          dreamdust_wishing_well, minmay_misc_feat_pillars,
          kb_lookout_dungeons_type
D:7:      layout_basic, ebering_ghost_gozag
D:8:      layout_cave_pools, grunt_qazlal_clouds,
          nicolae_ru_sacrificial_ziggurat, uniq_erica
D:9:      layout_loops_ring, nicolae_overflow_crystal_walls, slow_altar_2,
          mainiacjoe_overflow_paths, minmay_orc_entry_temple_small,
          serial_co_window_serial, co_window_corner_a, co_window_paths_b,
          co_window_paths_a, co_window_corner_a, co_window_paths_a,
          co_window_paths_b, co_window_corner_a, co_window_broadway_c,
          co_window_of_opportunity_c, co_window_corner_b, co_window_2corner,
          glass_columns_a
D:10:     layout_rooms, mainiacjoe_overflow_cross_hatched, marbit_many_paths,
          erik_lair_orcish_takeover, serial_shops, nicolae_shop_window_shopping
D:11:     layout_gridville, uniq_josephine, uniq_urug

Skill      XL: |  1  2  3  4  5  6  7  8  9 10 11 |
---------------+----------------------------------+-----
Fighting       | 4 |  4.9
Axes           | 4 6 7 9 10 13 16 19 20 | 20.7
Evocations     | 1 |  1.7
Armour         | |  2.9
Dodging        | |  2.4

Action                     |  1- 3 |  4- 6 |  7- 9 | 10-12 || total
---------------------------+-------+-------+-------+-------++-------
  Melee: Hand axe          |    97 |     2 |       |       ||    99
         Headbutt          |    12 |    13 |    29 |    27 ||    81
         War axe           |       |    88 |    22 |       ||   110
         Punch             |       |     1 |     2 |       ||     3
         Broad axe         |       |       |   146 |    28 ||   174
         Battleaxe         |       |       |       |   147 ||   147
 Invoke: Berserk           |       |     2 |     2 |     4 ||     8
  Evoke: Wand              |       |       |     4 |       ||     4
    Use: Scroll            |       |       |    21 |     3 ||    24
 Armour: Animal skin       |     7 |       |       |       ||     7
         Ring mail         |    14 |    15 |       |       ||    29
         Scale mail        |       |    12 |    29 |    15 ||    56
         Plate armour      |       |       |       |    20 ||    20
  Dodge: Dodged            |    65 |    73 |   133 |   106 ||   377
